 Dungeon Crawl Stone Soup version 0.30.1-9-gdf580d7c3d (webtiles) character file.

Game seed: 18185266764721250109

99 Chiseanne the Shield-Bearer (level 4, 0/32 HPs)
             Began as a Demonspawn Wanderer on Oct 3, 2023.
             Was an Initiate of Vehumet.
             Slain by a ball python (1 damage)
             ... on level 3 of the Dungeon.
             The game lasted 00:06:01 (1795 turns).

Chiseanne the Shield-Bearer (Demonspawn Wanderer)   Turns: 1795, Time: 00:06:01

Health: 0/32       AC:  5    Str: 10    XL:     4   Next: 45%
Magic:  4/7        EV: 11    Int: 19    God:    Vehumet [......]
Gold:   67         SH:  4    Dex: 11    Spells: 6/7 levels left

rFire   + . .        l - +1 hand axe
rCold   + . .        b - +0 buckler
rNeg    . . .        d - +0 robe
rPois   .            (no helmet)
rElec   .            k - scarf {rC+ rF+}
rCorr   .            j - +2 pair of gloves
SInv    .            (no boots)
Will    .....        i - amulet of faith
Stlth   +            (no ring)
HPRegen 0.25/turn    (no ring)
MPRegen 0.10/turn

%: faith
@: lethally poisoned (0 -> -15)
A: weakness stinger 1
a: Renounce Religion


You were on level 3 of the Dungeon.
You worshipped Vehumet.
Vehumet was noncommittal.
You visited 1 branch of the dungeon, and saw 3 of its levels.

You collected 67 gold pieces.

Inventory:

Hand Weapons
 a - a +0 broad axe
 l - a +1 hand axe (weapon)
Missiles
 h - 24 stones
Armour
 b - a +0 buckler (worn)
 d - a +0 robe (worn)
 j - a +2 pair of gloves (worn)
 k - a scarf of resistance (worn)
Jewellery
 i - an amulet of faith (around neck)
Scrolls
 c - a scroll of summoning
 e - a scroll of silence
 m - a scroll of fear
Potions
 f - a potion of might
 n - 2 potions of curing {unknown}


   Skills:
 - Level 1.6 Fighting
 - Level 1.0 Throwing
 - Level 1.0 Dodging
 - Level 1.0 Stealth
 * Level 2.8 Shields
 * Level 2.0 Spellcasting
 * Level 1.7 Conjurations
 - Level 2.6 Air Magic
 - Level 1.0 Evocations


You had 6 spell levels left.
You knew the following spells:

 Your Spells              Type           Power      Damage    Failure   Level
a - Shock                 Conj/Air       40%        1d5       10%         1

Your spell library contained the following spells:

 Spells                   Type           Power      Damage    Failure   Level
 Swiftness                Air            12%        N/A       24%         3
 Airstrike                Air            6%         2d(1-17)  63%         4


Dungeon Overview and Level Annotations

Branches:
Dungeon (3/15)

Altars:
Vehumet

Shops:
D:3 =

Annotations:
D:3 exclusion: downstairs, Terence


Innate Abilities, Weirdness & Mutations

You have a small tail.


Message History

The orc wizard casts a spell at you. You resist with some effort.
You barely miss the orc wizard.
The orc wizard is heavily wounded.
The orc wizard hits you with a +0 dagger of venom.
You are poisoned.
You hit the orc wizard.
Your tail-slap misses the orc wizard.
The orc wizard is severely wounded.
You feel very sick.
The orc wizard gestures at you while chanting.
The puff of flame hits you. You resist.
You hit the orc wizard.
The orc wizard is almost dead.
You feel sick. The orc wizard casts a spell at you. The puff of flame hits you.
You resist.
The orc wizard gestures wildly while chanting.
The orc wizard flickers and vanishes!
Deactivating autopickup; reactivate with Ctrl-A.
You closely miss something.
You feel sick.
You hear some strange, mumbled words.
Something tries to affect you, but you resist.
The ball python hisses angrily.
You hit something.
You feel sick. Something hits you.
You are more poisoned.
You closely miss something.
Your tail-slap misses something.
You feel very sick. Something hits you but does no damage.
You are lethally poisoned!
Something hits you but does no damage.
You are more poisoned.
You completely miss something.
* * * LOW HITPOINT WARNING * * *
You feel extremely sick. You block something's attack.
You closely miss something. You barely miss the ball python.
* * * LOW HITPOINT WARNING * * *
You feel very sick. The ball python bites you.
You die...

#######.##.....#.....###
........†'##'##+##'##+.#
##########..#.....#..#.#######
#..#+###'#..#........
####..#.....#..#.#######
########..'..+.._..'..'......#
.........##..#.....#..#.####.#
.#######.##..#+###+#..#.# #.#
#.##..#@{...#..#.# #.##
#..'##S##'##'##+.# #.##
#..#....)#.....### #.##
###..#...o.#.....######.##
#....###'##+##+###........
..#...........## ####.####
#.......)......... #.# #
..###S..##.#####.. #.# # .#
#...##.# #.....## #


You could see a ball python.

Vanquished Creatures
  2 adders (D:2)
  A worm (D:1)
  A dart slug (D:1)
  3 orcs (D:3)
  3 ball pythons
  13 endoplasms
  8 giant cockroaches
  2 goblins (D:1)
  3 hobgoblins
  8 jackals
  3 quokkas
  5 bats
  2 frilled lizards (D:1)
  5 kobolds
  3 rats
62 creatures vanquished.

Notes
Turn   | Place    | Note
-------+----------+-------------------------------------------
     0 | D:1      | Chiseanne the Demonspawn Wanderer began the quest for the
                  | Orb.
     0 | D:1      | Chiseanne set off with the following items: a +0 club, a +0
                  | buckler, a scroll of summoning, a +0 robe, a scroll of
                  | silence; and the following spell memorised: Shock; and the
                  | following spells available to memorise: Swiftness,
                  | Airstrike.
     0 | D:1      | Reached XP level 1. HP: 15/15 MP: 2/2
     1 | D:1      | Found a runed translucent door.
   173 | D:1      | Discovered your monstrous ancestry.
   173 | D:1      | Gained mutation: You have a small tail. [demonic ancestry]
   173 | D:1      | Reached XP level 2. HP: 20/21 MP: 3/3
   266 | D:1      | Reached skill level 1 in Dodging
   608 | D:1      | Reached XP level 3. HP: 26/26 MP: 4/4
   823 | D:1      | Reached skill level 1 in Conjurations
  1145 | D:2      | Reached XP level 4. HP: 32/32 MP: 6/6
  1558 | D:3      | Found Lapig's One-of-a-Kind Rings.
  1558 | D:3      | Noticed Terence
  1594 | D:3      | Found a radiant altar of Vehumet.
  1600 | D:3      | Became a worshipper of Vehumet
  1795 | D:3      | HP: 1/32 [poisoned by an orc wizard]
  1795 | D:3      | Slain by a ball python

Illustrated notes

Levels and vault maps discovered:
D:1:      dpeg_arrival_caged_fury, layout_loops_ring, kennysheep_nondescript
D:2:      layout_rooms
D:3:      layout_loops_ring, minitemple, doesnt_xom_only_xom,
          mainiacjoe_overflow_24_doors, nicolae_shop_unique_rings, uniq_terence,
          uniq_natasha, uniq_crazy_yiuf_cottage

Skill      XL: |  1  2  3  4 |
---------------+-------------+-----
Shields        | 2 |  2.8
Dodging        | 1 |  1.0
Conjurations   | 1 |  1.7
Spellcasting   | 2 |  2.0
Fighting       | |  1.6
Throwing       | |  1.0
Stealth        | |  1.0
Air Magic      | |  2.6
Evocations     | |  1.0

Action                     |  1- 3 |  4- 6 || total
---------------------------+-------+-------++-------
  Melee: Dagger            |    56 |       ||    56
         Club              |     8 |       ||     8
         Short sword       |    18 |       ||    18
         Hand axe          |   102 |    44 ||   146
         Tailslap          |    17 |     2 ||    19
   Cast: Shock             |     4 |    18 ||    22
    Use: Scroll            |     5 |     3 ||     8
   Stab: Sleeping          |     1 |       ||     1
 Armour: Robe              |    78 |    11 ||    89
  Dodge: Dodged            |   115 |    19 ||   134
  Block: Buckler           |    40 |     9 ||    49
